 Dungeon Crawl Stone Soup version 0.16.1-2-g95b8d4c (webtiles) character file.

52825 Chiseanne the Cleaver (level 15, -1/119 HPs)
             Began as a Formicid Fighter on Mar 25, 2015.
             Was an Initiate of Gozag.
             Slain by a death yak (19 damage)
             ... on level 5 of the Lair of Beasts on Mar 26, 2015.
             The game lasted 01:44:15 (26670 turns).

Chiseanne the Cleaver (Formicid Fighter)           Turns: 26670, Time: 01:44:15

Health: -1/119     AC: 16    Str: 29    XL:     15   Next: 7%
Magic:  32/32      EV: 22    Int:  9    God:    Gozag
Gold:   557        SH: 16    Dex: 20    Spells: 2 memorised, 27 levels left

rFire  + + .     SeeInvis +     a - +3 battleaxe
rCold  + . .     Clarity  +     F - +0 ring mail of Renohov {rC++ rN+}
rNeg   + . .     SustAb   .     c - +2 shield
rPois  +         Gourm    .     (helmet unavailable)
rElec  .         Spirit   .     u - +1 cloak {MR+}
rCorr  .         Warding  .     Q - +2 pair of gloves {Str+3}
rMut   .         Stasis   +     K - +2 pair of boots of the Assassin {Stlth++}
MR     +++..                    p - amulet of clarity
Stlth  ++++......               Z - ring of poison resistance
                                Y - ring of the Scarab {Wiz rF++ rC- MR+ Str+5}

@: agile, repel missiles, extremely resistant to hostile enchantments, stealthy
A: permanent stasis, dig shafts and tunnels, four strong arms, antennae 3
a: Dig, Shaft Self, Potion Petition, Call Merchant, Bribe Branch, Renounce
Religion


You were on level 5 of the Lair of Beasts.
You worshipped Gozag.
Gozag was noncommittal.
You were not hungry.

You visited 4 branches of the dungeon, and saw 23 of its levels.
You also visited: Labyrinth.

You collected 7023 gold pieces.
You spent 4151 gold pieces at shops.
You paid 2315 gold pieces to Gozag.

Inventory:

Hand weapons
 a - a +3 battleaxe (weapon)
 d - a +1 morningstar of protection
 s - the +7 Singing Sword
   (You found it in a labyrinth)
 w - a +0 blowgun
Missiles
 b - 80 poisoned needles
 k - 5 javelins
 t - 30 bolts
 C - 4 silver tomahawks
 D - 8 tomahawks
 W - 5 poisoned javelins (quivered)
Armour
 c - a +2 shield (worn)
 u - a +1 cloak of magic resistance (worn)
 F - the +0 ring mail of Renohov (worn) {rC++ rN+}
   (You bought it in a shop on level 8 of the Dungeon)

   It greatly protects you from cold.
   It protects you from negative energy.
 K - the +2 pair of boots of the Assassin (worn) {Stlth++}
   (You acquired it on level 9 of the Dungeon)

   It makes you much more stealthy.
 Q - a +2 pair of gloves of strength (worn)
Rods
 g - a +3 lightning rod (13/13)
   (You found it in a labyrinth)
Jewellery
 p - an amulet of clarity (around neck)
 x - an uncursed ring of flight
 Y - the ring of the Scarab (left hand) {Wiz rF++ rC- MR+ Str+5}
   (You bought it in a shop on level 4 of the Orcish Mines)

   [ring of wizardry]

   It improves your spell success rate.
   It affects your strength (+5).
   It greatly protects you from fire.
   It makes you vulnerable to cold.
   It affects your resistance to hostile enchantments.
 Z - a ring of poison resistance (right hand)
Magical devices
 l - a wand of disintegration (11)
 n - a wand of cold (4)
 r - a wand of fireball (2)
 z - a wand of disintegration (5)
 X - a wand of lightning (5)
Scrolls
 e - 2 scrolls of recharging
 f - 2 scrolls of amnesia
 m - 5 scrolls of remove curse
 B - 2 scrolls of immolation
 U - a scroll of fear
Potions
 j - 2 potions of curing
 v - 2 potions of cancellation
 A - a potion of flight
 H - a potion of invisibility
 J - a potion of beneficial mutation {unknown}
 M - a potion of agility
 N - 3 potions of restore abilities
 T - a potion of resistance
Miscellaneous
 L - a lamp of fire (inert)
Comestibles
 o - 7 meat rations


   Skills:
 - Level 11.2 Fighting
 - Level 5.7 Long Blades
 * Level 14.6 Axes
 - Level 10.7 Armour
 * Level 7.3 Dodging
 - Level 11.1 Shields
 * Level 8.0 Spellcasting


You had 27 spell levels left.
You knew the following spells:

 Your Spells              Type           Power        Failure   Level  Hunger
a - Apportation           Tloc           #.........   10%         1    None
b - Repel Missiles        Chrm/Air       #.....       14%         2    ##.....


Dungeon Overview and Level Annotations

Branches:
Dungeon (13/15)            Temple (1/1) D:4            Lair (5/8) D:9
 Shoals (0/5) Lair:4       Spider (0/5) Lair:4          Orc (4/4) D:9
    Elf (0/3) Orc:3
 Vaults: D:13-14

Altars:
Ashenzari
Cheibriados
Dithmenos
Elyvilon
Fedhas
Gozag
Kikubaaqudgha
Makhleb
Nemelex Xobeh
Okawaru
Qazlal
Ru
Sif Muna
Trog
Vehumet
Xom
Yredelemnul
Zin
The Shining One
Beogh

Shops:
D:8 [   D:14 (   D:15 [   Orc:4 }[([=


Innate Abilities, Weirdness & Mutations

You are under a permanent stasis effect.
You can dig through walls and to a lower floor.
Your four strong arms can wield two-handed weapons with a shield.
You have a pair of large antennae on your head (SInv).


Message History

The death yak is severely wounded.
You block the death yak's attack.
You hit the death yak.
The death yak is almost dead.
The death yak gores you!
* * * LOW HITPOINT WARNING * * *
You hit the death yak!
The death yak is almost dead.
You block the death yak's attack.
You hit the death yak but do no damage.
The death yak is almost dead.
You block the death yak's attack.
You hit the death yak but do no damage.
The death yak is almost dead.
The death yak misses you.
Your ring mail of Renohov prevents you from hitting the death yak.
The death yak is almost dead.
The death yak gores you!!
You die...
Your body crumbles into a pile of gold.

### ## #@# .P#
###Y###..#
###....#..##
##.#.......P#
#..........##
###..#....P..#
#....###P...##
##...# #....#
#.#..# ##...#


You could see a death yak.

Vanquished Creatures
  A stone giant (Orc:4)
  A minotaur (Lab)
  The ghost of Pr0man the Grappler, a powerful VSMo of Okawaru (Lair:4)
  Josephine (Orc:2)
  A hydra (Lair:1)
  Harold (D:12)
  A centaur warrior (D:12)
  4 death yaks (Lair:5)
  Urug (Orc:1)
  The ghost of Elizilla the Grappler, a powerful VSMo of Makhleb (D:10)
  The ghost of ThorGoll the Martial Artist, an experienced GrMo (D:9)
  Nergalle (Orc:2)
  An unseen horror (Lab)
  A deep elf summoner (Orc:4)
  3 orc knights
  Pikel (D:9)
  A cyclops (D:12)
  An orb spider (Lair:4)
  3 elephants (Lair:5)
  3 orc sorcerers
  2 centaur zombies
  3 sirens (Lair:4)
  Joseph (D:7)
  7 black mambas
  2 kobold demonologists
  A gargoyle (D:11)
  7 spiny frogs
  6 komodo dragons
  2 trolls
  A tengu conjurer (D:10)
  A merfolk (Lair:4)
  4 polar bears (Lair:1)
  5 blink frogs (Lair:1)
  6 basilisks
  3 deep elf magi
  A spriggan (D:11)
  A shadow (D:12)
  10 deep elf fighters (Orc:4)
  A wyvern (D:12)
  Grum (Orc:4)
  3 wraiths (Orc:2)
  35 yaks
  5 hippogriffs
  2 hungry ghosts (D:9)
  4 wolves (Orc:4)
  2 vampire mosquitoes (D:12)
  8 water moccasins
  3 ice beasts
  35 orc warriors
  2 sky beasts
  2 phantoms
  9 porcupines
  4 black bears (Lair:1)
  2 eyes of draining
  A wasp (D:7)
  11 ogres
  4 crocodiles
  3 necrophages (D:12)
  12 centaurs
  Duvessa (D:7)
  5 big kobolds (D:5)
  12 giant frogs
  4 scorpions
  A troll zombie (D:9)
  5 wights (D:12)
  10 killer bees
  2 electric eels (Lair:3)
  2 vampire bats (Orc:2)
  12 hounds
  Dowan (D:7)
  6 crimson imps
  A quasit (D:11)
  24 orc wizards
  2 giant frog skeletons (D:12)
  19 orc priests
  4 centaur skeletons
  7 iguanas
  3 jellies
  3 giant frog zombies
  9 worker ants
  4 sheep (Lair:2)
  5 ogre zombies (D:9)
  A hound zombie (D:9)
  A mummy (D:12)
  A hound skeleton (D:4)
  41 river rats
  24 adders
  7 gnolls
  A giant mite (D:7)
  2 shadow imps
  5 worms
  An adder skeleton (D:10)
  An adder zombie (D:6)
  6 giant geckos
  An ooze (D:3)
  160 orcs
  24 bats
  2 bat skeletons (D:4)
  3 giant cockroaches
  24 goblins
  22 hobgoblins
  10 jackals
  52 kobolds
  7 quokkas
  5 giant newts
  A giant spore (D:11)
  A goblin skeleton (D:9)
  4 goblin zombies (D:9)
  2 hobgoblin skeletons (D:9)
  A hobgoblin zombie (D:9)
  A jackal zombie (D:7)
  3 orc skeletons (D:9)
  8 orc zombies (D:9)
  12 rats
  2 spectral orcs (Orc:2)
  5 ballistomycetes
  12 fungi
  5 plants
841 creatures vanquished.

Vanquished Creatures (collateral kills)
  A plant (Lair:1)
1 creature vanquished.

Vanquished Creatures (others)
  2 slaves (D:9)
  3 giant frogs (Lair:1)
  2 orc priests (D:11)
  An orc (D:9)
  A hobgoblin (D:9)
  2 giant spores
  A ballistomycete (D:11)
12 creatures vanquished.

Grand Total: 854 creatures vanquished

Notes
Turn   | Place    | Note
--------------------------------------------------------------
     0 | D:1      | Chiseanne, the Formicid Fighter, began the quest for the Orb.
     0 | D:1      | Reached XP level 1. HP: 18/18 MP: 1/1
   155 | D:1      | Reached XP level 2. HP: 24/24 MP: 3/3
   340 | D:1      | Reached skill level 4 in Shields
   423 | D:1      | Reached XP level 3. HP: 27/29 MP: 4/4
   768 | D:2      | Reached XP level 4. HP: 24/37 MP: 5/5
   890 | D:2      | Found a white marble altar of Elyvilon.
  1396 | D:2      | Found a glowing golden altar of the Shining One.
  1402 | D:2      | Found a glowing silver altar of Zin.
  1585 | D:3      | Reached XP level 5. HP: 35/42 MP: 7/7
  1649 | D:3      | Reached skill level 5 in Shields
  1901 | D:3      | Found a stormy altar of Qazlal.
  2067 | D:4      | Noticed an ogre
  2076 | D:4      | Killed an ogre
  2076 | D:4      | Reached XP level 6. HP: 27/48 MP: 8/8
  2187 | D:4      | Found a staircase to the Ecumenical Temple.
  2200 | Temple   | Entered the Ecumenical Temple
  2293 | Temple   | Became a worshipper of Gozag Ym Sagoz the Greedy
  2776 | D:4      | Found a deep blue altar of Sif Muna.
  2851 | D:5      | Entered Level 5 of the Dungeon
  2873 | D:5      | Reached skill level 6 in Shields
  2873 | D:5      | Reached XP level 7. HP: 51/55 MP: 9/9
  2991 | D:5      | Reached skill level 5 in Armour
  3049 | D:5      | Found a blossoming altar of Fedhas.
  3111 | D:5      | Reached skill level 5 in Fighting
  3661 | D:5      | Reached XP level 8. HP: 63/63 MP: 11/11
  3757 | D:5      | Reached skill level 7 in Shields
  3955 | D:5      | Reached skill level 5 in Axes
  4341 | D:5      | Reached skill level 8 in Shields
  4788 | D:6      | Reached XP level 9. HP: 69/69 MP: 7/12
  5775 | D:7      | Noticed Duvessa
  5775 | D:7      | Noticed Dowan
  5786 | D:7      | Killed Duvessa
  5791 | D:7      | Killed Dowan
  5870 | D:7      | Reached skill level 9 in Shields
  6479 | D:7      | Noticed Joseph
  6497 | D:7      | Killed Joseph
  6717 | D:7      | Reached XP level 10. HP: 37/79 MP: 13/13
  6929 | D:8      | Found Tahyum's Antique Armour Shop.
  6932 | D:8      | Bought a warped cloak for 285 gold pieces
  6942 | D:8      | Identified the +1 cloak of Gaoremm {-Cast rPois Int+2} (You bought it in a shop on level 8 of the Dungeon)
  6949 | D:8      | Bought a shiny ring mail for 120 gold pieces
  6996 | D:8      | Reached skill level 10 in Shields
  7602 | D:8      | Found a shattered altar of Ashenzari.
  7723 | D:9      | Found a snail-covered altar of Cheibriados.
  8345 | D:9      | Found an iron altar of Okawaru.
  8422 | D:9      | Noticed ThorGoll's ghost (experienced GrMo)
  8620 | D:8      | Bought a transparent ring mail for 270 gold pieces
  8631 | D:8      | Identified the cursed +0 ring mail of Renohov {rC++ rN+} (You bought it in a shop on level 8 of the Dungeon)
  8765 | D:9      | Learned a level 1 spell: Apportation
  8768 | D:9      | Learned a level 2 spell: Repel Missiles
  8771 | D:9      | Found a staircase to the Orcish Mines.
  8790 | D:9      | Reached skill level 11 in Shields
  9024 | D:9      | Reached XP level 11. HP: 81/87 MP: 15/15
  9217 | D:10     | Entered Level 10 of the Dungeon
  9396 | D:10     | Noticed Elizilla's ghost (powerful VSMo)
  9415 | D:10     | Killed Elizilla's ghost
  9415 | D:10     | Reached skill level 1 in Spellcasting
  9487 | D:10     | Got a pair of translucent gloves
  9498 | D:10     | Identified the +1 pair of gloves of the Centipede {+Inv rN+} (You found it on level 10 of the Dungeon)
  9808 | D:11     | Found a labyrinth entrance.
  9821 | Lab      | Entered a labyrinth
 10046 | Lab      | Reached skill level 10 in Axes
 10063 | Lab      | Noticed an unseen horror
 10105 | Lab      | Killed an unseen horror
 10887 | Lab      | Noticed a minotaur
 10899 | Lab      | Killed a minotaur
 10911 | Lab      | Got a translucent leather armour
 11031 | Lab      | Identified the +1 leather armour of Vuogaz {rN+ Str-2 Dex+5} (You found it in a labyrinth)
 11597 | D:11     | Reached skill level 1 in Long Blades
 11869 | D:10     | Reached skill level 10 in Fighting
 12176 | D:10     | Reached XP level 12. HP: 74/97 MP: 22/22
 13037 | D:9      | Noticed Pikel
 13038 | D:9      | Killed ThorGoll's ghost
 13044 | D:9      | Killed Pikel
 13398 | D:9      | Found a staircase to the Lair.
 13618 | D:9      | Identified a scroll of acquirement
 13962 | D:8      | Bought a steaming plate armour for 840 gold pieces
 13974 | D:8      | Identified the -4 plate armour "Busador" {Dex+4} (You bought it in a shop on level 8 of the Dungeon)
 14247 | D:11     | Found a sparkling altar of Nemelex Xobeh.
 14607 | D:12     | Got a pitted chain mail
 14644 | D:12     | Reached skill level 5 in Long Blades
 14720 | D:12     | Identified the cursed -3 chain mail of the Last Gods {rElec rPois MR- Int+2 SInv} (You found it on level 12 of the Dungeon)
 15208 | D:12     | Got a pitted whip
 15209 | D:12     | Identified the cursed +1 whip of Untimely Demise {slash, Int+6} (You found it on level 12 of the Dungeon)
 15432 | D:12     | Noticed Harold
 15469 | D:12     | Killed Harold
 15469 | D:12     | Reached skill level 5 in Spellcasting
 15771 | D:12     | Reached skill level 10 in Armour
 15771 | D:12     | Reached XP level 13. HP: 106/106 MP: 27/27
 15808 | D:12     | Noticed a centaur warrior
 15823 | D:12     | Killed a centaur warrior
 15993 | D:8      | Bought a jewelled buckler for 285 gold pieces
 16004 | D:8      | Identified the +2 buckler of Bluasmu {rF+ Regen+ rCorr Dex-5 Stlth+} (You bought it in a shop on level 8 of the Dungeon)
 16124 | Orc:1    | Entered Level 1 of the Orcish Mines
 16642 | Orc:1    | Found a roughly hewn altar of Beogh.
 16905 | Orc:1    | Found an iron altar of Okawaru.
 17108 | Orc:2    | Noticed Urug
 17113 | Orc:2    | Noticed Nergalle
 17128 | Orc:1    | Killed Urug
 17128 | Orc:1    | Reached skill level 1 in Dodging
 17372 | Orc:2    | Killed Nergalle
 17521 | Orc:2    | Noticed Josephine
 17527 | Orc:2    | Killed Josephine
 18154 | Orc:3    | Found a staircase to the Elven Halls.
 18284 | Orc:3    | Found an iron altar of Okawaru.
 18535 | Orc:4    | Entered Level 4 of the Orcish Mines
 18575 | Orc:4    | Found Lairr's Gadget Emporium.
 18627 | Orc:4    | Noticed a stone giant
 18631 | Orc:4    | Found Pnaop's Armour Shoppe.
 18641 | Orc:4    | Killed a stone giant
 18869 | Orc:4    | Found a radiant altar of Vehumet.
 19036 | Orc:4    | Reached skill level 12 in Axes
 19051 | Orc:4    | Noticed Grum
 19064 | Orc:4    | Killed Grum
 20151 | Orc:4    | Reached XP level 14. HP: 46/113 MP: 30/30
 20547 | Orc:4    | Found Vitoclue's Antique Armour Boutique.
 20547 | Orc:4    | Found Cuarutar's Food Shoppe.
 20550 | Orc:4    | Found Clidih's Weapon Emporium.
 20552 | Orc:4    | Found Gaso Shro's Jewellery Shop.
 20572 | Orc:4    | Bought a beef jerky for 21 gold pieces
 20572 | Orc:4    | Bought 4 fruits for 84 gold pieces
 20572 | Orc:4    | Bought 4 fruits for 84 gold pieces
 20572 | Orc:4    | Bought a beef jerky for 21 gold pieces
 20572 | Orc:4    | Bought a beef jerky for 21 gold pieces
 20572 | Orc:4    | Bought a slice of pizza for 21 gold pieces
 20572 | Orc:4    | Bought a meat ration for 70 gold pieces
 20572 | Orc:4    | Bought 3 fruits for 63 gold pieces
 20572 | Orc:4    | Bought a meat ration for 70 gold pieces
 20584 | Orc:4    | Bought the ring of the Scarab {Wiz rF++ rC- MR+ Str+5} for 826 gold pieces
 20589 | Orc:4    | Bought an uncursed amulet of clarity for 260 gold pieces
 20589 | Orc:4    | Bought an uncursed ring of poison resistance for 260 gold pieces
 20589 | Orc:4    | Bought an uncursed ring of stealth for 227 gold pieces
 20589 | Orc:4    | Bought a cursed ring of teleportation for 188 gold pieces
 20814 | Lair:1   | Entered Level 1 of the Lair of Beasts
 21052 | Lair:1   | You fall through a shaft!
 21230 | Lair:1   | Reached skill level 13 in Axes
 21230 | Lair:1   | Reached skill level 5 in Dodging
 23251 | D:8      | Bought an embroidered cloak for 135 gold pieces
 24848 | Lair:4   | Noticed Pr0man's ghost (powerful VSMo)
 24865 | Lair:4   | Killed Pr0man's ghost
 25037 | Lair:4   | Found a staircase to the Shoals.
 25044 | Lair:4   | Reached skill level 14 in Axes
 25273 | Lair:4   | Found a hole to the Spider Nest.
 26630 | Lair:5   | Reached XP level 15. HP: 70/119 MP: 31/31
 26670 | Lair:5   | Slain by a death yak

Action                   |  1- 3 |  4- 6 |  7- 9 | 10-12 | 13-15 || total
-------------------------+-------+-------+-------+-------+-------++-------
Melee: War axe           |    78 |   172 |   506 |   377 |       ||  1133
       Double sword      |       |       |       |   320 |    58 ||   378
       Hand axe          |       |       |       |     7 |       ||     7
       Battleaxe         |       |       |       |    64 |  1073 ||  1137
       Morningstar       |       |       |       |       |    21 ||    21
       Mace              |       |       |       |       |     6 ||     6
Throw: Throwing net      |       |       |     1 |     3 |     4 ||     8
       Tomahawk          |       |       |       |     1 |    11 ||    12
       Javelin           |       |       |       |       |    18 ||    18
 Cast: Repel Missiles    |       |       |       |     1 |     1 ||     2
Invok: Call Merchant     |       |       |     1 |       |     2 ||     3
       Potion Petition   |       |       |       |     1 |       ||     1
 Abil: Dig               |     1 |     5 |    19 |    45 |    41 ||   111
       Shaft Self        |       |       |       |       |     1 ||     1
Evoke: Wand              |       |       |     1 |     5 |     3 ||     9
       Rod               |       |       |       |       |     1 ||     1
       Lamp of fire      |       |       |       |       |     1 ||     1
  Use: Scroll            |     6 |     3 |     6 |    15 |     8 ||    38
       Potion            |       |       |     3 |     5 |     5 ||    13
 Stab: Distracted        |       |       |     1 |     9 |     9 ||    19
       Sleeping          |       |       |       |     1 |    10 ||    11
       Fleeing           |       |       |       |       |     1 ||     1
       Held in net/web   |       |       |       |       |     1 ||     1
  Eat: Chunk             |       |     5 |       |       |       ||     5
       Pizza             |       |     2 |       |     2 |     1 ||     5
       Beef jerky        |       |     1 |     1 |     2 |     4 ||     8
       Bread ration      |       |       |     2 |     4 |     4 ||    10
       Fruit             |       |       |     3 |       |    14 ||    17
       Meat ration       |       |       |       |     3 |     1 ||     4
       Royal jelly       |       |       |       |       |     1 ||     1
